General information
- name: GRUDGE
- type: Custom game
- host: BEAR_AND
- saver: BEAR_AND
map: TerenasStand
- players: 5
- length: 11:02
- speed: Fast
- version: 1.21 W3XP
- replay type:

» download(42 KB)
Players
team 1 (loser)

»
eVIL_pEngoon (
pink | 86 APM | 944 actions | 11:01)
3 Beastmaster
1 Summon Bear
2 Summon Hawk
» actions
| Assign group hotkey | 22 | |
| Basic commands | 54 | |
| Build / train | 32 | |
| Enter build submenu | 18 | |
| Enter hero's abilities submenu | 3 | |
| Right click | 480 | |
| Select / deselect | 223 | |
| Select group hotkey | 82 | |
| Use ability | 30 | |
944 total
» units
» upgrades
» buildings
| Altar of Elders | 1 | |
| Moon Well | 5 | |
| Ancient of War | 3 | |
| Hunter's Hall | 1 | |
| Tree of Ages | 1 | |
| Ancient Protector | 1 | |
12 total
» build order
00:07 Altar of Elders
00:11 Moon Well
01:19 Ancient of War
01:37 Moon Well
02:14 Ancient of War
03:38 Ancient of War
03:42 Hunter's Hall
04:29 Moon Well
04:32 Tree of Ages
06:45 Moon Well
08:36 Ancient Protector
08:40 Moon Well
team 2 (winner)

»
TIMG4Strok (
red | 150 APM | 1652 actions | 11:02)
3 Blademaster
2 Wind Walk
1 Critical Strike
2 Shadow Hunter
1 Hex
1 Healing Wave
» actions
| Assign group hotkey | 17 | |
| Basic commands | 41 | |
| Build / train | 38 | |
| ESC pressed | 2 | |
| Enter build submenu | 13 | |
| Enter hero's abilities submenu | 6 | |
| Right click | 804 | |
| Select / deselect | 136 | |
| Select group hotkey | 551 | |
| Use ability | 44 | |
1652 total
» units
| Peon | 8 | |
| Grunt | 7 | |
| Raider | 2 | |
| Spirit Walker | 1 | |
18 total
» upgrades
| Berserker Strength | 1 | |
| Melee Weapons | 1 | |
| Pillage | 1 | |
| Spirit Walker Training | 1 | |
| Ensnare | 1 | |
5 total
» buildings
| Altar of Storms | 1 | |
| Orc Burrow | 4 | |
| Barracks | 1 | |
| Voodoo Lounge | 1 | |
| War Mill | 1 | |
| Stronghold | 1 | |
| Beastiary | 1 | |
| Spirit Lodge | 1 | |
| Watch Tower | 2 | |
13 total
» build order
00:09 Altar of Storms
00:16 Orc Burrow
00:26 Barracks
01:36 Orc Burrow
02:35 Voodoo Lounge
02:46 War Mill
03:29 Stronghold
03:45 Orc Burrow
06:12 Beastiary
06:49 Spirit Lodge
06:52 Watch Tower
06:53 Watch Tower
08:49 Orc Burrow
» items
| Healing Salve | 3 | |
| Lesser Clarity Potion | 3 | |
| Scroll of Speed | 1 | |
7 total
observersBEAR_AND,
iggy_the_fisk,
Iceberg-Slim Chat log
(00:21 / All) TIMG4Strok: gl/fh
(00:29 / All) eVIL_pEngoon: all goon grudges available @ highper.ch
(01:06 / Observers) iggy_the_fisk: www.highper.ch not suited for the visually impaired
(01:11 / Observers) iggy_the_fisk: official has no alternate text
(08:46 / Observers) BEAR_AND: 8GROAN*
(09:23 / Observers) BEAR_AND: BEAR BALLS